 Seeded DCSS version 0.30-a0-1075-gcd70e7a56d (webtiles) character file.

Game seed: 13092252247883025746 (custom seed)

85 Pimp the Trooper (level 4, -1/36 HPs)
             Began as a Demonspawn Fighter on Apr 14, 2023.
             Slain by Eustachio
             ... wielding a +0 falchion
              (7 damage)
             ... on level 4 of the Dungeon.
             The game lasted 00:03:27 (2622 turns).

Pimp the Trooper (Demonspawn Fighter)               Turns: 2622, Time: 00:03:28

Health: -1/36      AC:  9    Str: 18    XL:     4   Next: 25%
Magic:  4/4        EV:  9    Int: 10    God:
Gold:   144        SH:  4    Dex: 12    Spells: 3/3 levels left

rFire   . . .      SeeInvis .    a - +1 war axe
rCold   . . .      Faith    .    c - +0 buckler
rNeg    . . .      Spirit   .    b - +1 scale mail
rPois   .          Reflect  .    e - +0 helmet
rElec   .          Rampage  .    (no cloak)
rCorr   .                        (no gloves)
Will    .....                    (no boots) Stlth
                                 (no amulet)
HPRegen 0.26/turn                (no ring)
MPRegen 0.09/turn                (no ring)

@: silenced, weak-willed
A: demonic touch 1
a: no special abilities


You were on level 4 of the Dungeon.
You visited 1 branch of the dungeon, and saw 4 of its levels.

You collected 144 gold pieces.

Inventory:

Hand Weapons
 a - a +1 war axe (weapon)
Armour
 b - a +1 scale mail (worn)
 c - a +0 buckler (worn)
 e - a +0 helmet (worn)
Scrolls
 f - a scroll of vulnerability
 j - a scroll of teleportation
 o - a scroll of identify
 q - a scroll of fog
Potions
 d - 2 potions of might
 g - 3 potions of curing {unknown}
 i - a potion of attraction
 k - a potion of lignification
 l - a potion of cancellation {unknown}
 m - a potion of mutation {unknown}
 r - a potion of resistance {unknown}


   Skills:
 + Level 3.6 Fighting
 + Level 2.5 Axes
 + Level 3.2 Armour
 + Level 3.3 Shields


You had 3 spell levels left.
You didn't know any spells.
Your spell library contained the following spells:

 Spells                   Type           Power      Damage    Failure   Level
 Kiss of Death            Conj/Necr      0%         2d5       83%         1
 Magic Dart               Conj           0%         1d3       83%         1
 Call Imp                 Summ           0%         N/A       93%         2
 Scorch                   Fire           0%         2d5       93%         2
 Dazzling Flash           Conj/Hex       0%         N/A       99%         3
 Mephitic Cloud           Conj/Pois/Air  0%         N/A       99%         3
 Portal Projectile        Hex/Tloc       0%         N/A       99%         3
 Tukima's Dance           Hex            0%         N/A       99%         3
 Flame Wave               Conj/Fire      0%         2d4       100%        4
 Agony                    Necr           0%         N/A       100%        5
 Blade Hands              Tmut           0%         N/A       100%        5
 Silence                  Hex/Air        0%         N/A       100%        5
 Summon Cactus Giant      Summ           0%         N/A       100%        6


Dungeon Overview and Level Annotations

Branches:
Dungeon (4/15)
 Temple: D:4-7

Altars:
Cheibriados
Hepliaklqana
Qazlal
Sif Muna
Yredelemnul

Shops:
D:1 *

Annotations:
D:4 Eustachio


Innate Abilities, Weirdness & Mutations

Your touch may inflict minor irresistible damage on your foes.


Message History

You kill the jackal!
Eustachio barely misses you.
The jackal bites you but does no damage.
You closely miss Eustachio.
Eustachio is lightly wounded.
You closely miss the jackal. You block the jackal's attack.
Eustachio barely misses you. The jackal barely misses you.
You miss Eustachio.
Eustachio is lightly wounded.
You closely miss the jackal. Eustachio barely misses you.
The jackal closely misses you.
The jackal bites you but does no damage.
Eustachio barely misses you.
You hit Eustachio but do no damage.
Eustachio is lightly wounded.
You closely miss the jackal. You block the jackal's attack.
Eustachio hits you with a +0 falchion!
The jackal bites you but does no damage.
You barely miss Eustachio.
Eustachio is lightly wounded.
You slash the jackal!
You kill the jackal!
Eustachio hits you with a +0 falchion. Eustachio barely misses you.
You hit Eustachio.
Eustachio is lightly wounded.
You block Eustachio's attack.
You barely miss Eustachio.
Eustachio is lightly wounded.
Eustachio hits you with a +0 falchion!
* * * LOW HITPOINT WARNING * * *
You hit Eustachio.
Eustachio is moderately wounded.
Eustachio completely misses you. Eustachio hits you but does no damage.
You slash Eustachio!
Eustachio is heavily wounded.
Eustachio barely misses you.
You barely miss Eustachio.
Eustachio is heavily wounded.
Eustachio hits you with a +0 falchion!
You die...

#..............#
#####..........#
##.........#
#.........#
#.....>...#
###.#.#####
#.#.## #[#@†#
..##@# # #†# #.#
#.# #.# #)# #.#
#.#


You could see Eustachio.

Vanquished Creatures
  2 adders
  A dart slug (D:1)
  9 ball pythons
  4 endoplasms
  4 giant cockroaches
  4 goblins
  4 hobgoblins
  14 jackals
  A quokka (D:2)
  4 bats (D:1)
  5 frilled lizards
  3 kobolds
  2 rats
57 creatures vanquished.

Notes
Turn   | Place    | Note
-------+----------+-------------------------------------------
     0 | D:1      | Pimp the Demonspawn Fighter began the quest for the Orb.
     0 | D:1      | Reached XP level 1. HP: 18/18 MP: 1/1
    72 | D:1      | Gained mutation: Your touch may inflict minor irresistible
                  | damage on your foes. [demonic ancestry]
    72 | D:1      | Reached XP level 2. HP: 17/24 MP: 2/2
   619 | D:1      | Reached XP level 3. HP: 28/29 MP: 3/3
   625 | D:1      | Found Wakk's Assorted Antiques.
   949 | D:2      | Found a stormy altar of Qazlal.
   967 | D:2      | Found a faded altar of an unknown god.
   975 | D:2      | Got Plato's Grimoire of Blasting
  1856 | D:3      | Found a snail-covered altar of Cheibriados.
  1932 | D:3      | Found a shimmering blue altar of Sif Muna.
  1969 | D:3      | Reached XP level 4. HP: 35/35 MP: 4/4
  2026 | D:3      | Found a basalt altar of Yredelemnul.
  2244 | D:3      | Found a hazy altar of Hepliaklqana.
  2606 | D:4      | Noticed Eustachio
  2622 | D:4      | Slain by Eustachio

Illustrated notes

Levels and vault maps discovered:
D:1:      amcnicky_arrival_abandoned_market, layout_loops_ring, serial_shops,
          nicolae_diamond_shop
D:2:      layout_basic, shapermc_ecumenical_altar_rom_forum, basic_altar
D:3:      layout_loops_ring, mainiacjoe_overflow_small_starburst,
          nicolae_overflow_crystal_walls, cheibriados_altar_1,
          nzn_hepliaklqana_mist_gate
D:4:      layout_rooms, chequers_mini_garden, uniq_eustachio

Skill      XL: |  1  2 |
---------------+-------+-----
Axes           | 2 |  2.5
Shields        | 3 |  3.3
Armour         | 3 |  3.2
Fighting       | |  3.6

Action                     |  1- 3 |  4- 6 || total
---------------------------+-------+-------++-------
  Melee: War axe           |   119 |    41 ||   160
    Use: Scroll            |     6 |     5 ||    11
 Armour: Scale mail        |    77 |    20 ||    97
  Dodge: Dodged            |    66 |    29 ||    95
  Block: Buckler           |    47 |    12 ||    59

Table legend: (Time is in decaauts)
 A = Elapsed time spent in this place.
 B = Non-inter-level travel time spent in this place.
 C = Inter-level travel time spent in this place.
 D = Time resting spent in this place.
 E = Time spent auto-exploring this place.
 F = Levels seen in this place.
 G = Mean time per level.
                   A        B        C        D        E       F      G
               +--------+--------+--------+--------+--------+-----+--------+
         Total |   2690 |   2589 |    101 |    138 |   1968 |   4 |  672.5 |
       Dungeon |   2690 |   2589 |    101 |    138 |   1968 |   4 |  672.5 |
               +--------+--------+--------+--------+--------+-----+--------+

Top non-repeatable levels by time:
     D:2: 1100 daAuts
     D:1: 773 daAuts
     D:3: 737 daAuts
     D:4: 79 daAuts
